 Dungeon Crawl Stone Soup version 0.31.0-11-ge490571c62 (webtiles) character file.

Game seed: 7462496575941007538

312 Flugkiller the Chiller (level 6, -3/28 HPs)
             Began as a Vine Stalker Ice Elementalist on Feb 1, 2024.
             Slain by Pikel
             ... wielding a +2 whip of flaming
              (10 damage)
             ... on level 6 of the Dungeon.
             The game lasted 00:06:09 (935 turns).

Flugkiller the Chiller (VSIE)                        Turns: 935, Time: 00:06:10

Health: -3/28      AC:  2    Str: 11    XL:     6   Next: 42%
Magic:  0/14       EV: 12    Int: 17    God:
Gold:   76         SH:  0    Dex: 14    Spells: 10/14 levels left

rFire   . . .        c - +0 dagger
rCold   . . .        (no shield)
rNeg    . . .        a - +0 robe
rPois   .            (no helmet)
rElec   .            (no cloak)
rCorr   .            (no gloves)
SInv    .            (no boots)
Will    .....        (no amulet)
Stlth   ++           (no ring)
HPRegen 1.04/turn    (no ring)
MPRegen 0.14/turn

%: guardian spirit
@: freezing walls, very slightly contaminated
A: fangs 2, regeneration 1, magic shield, antimagic bite, no potion heal 2
a: no special abilities


You were on level 6 of the Dungeon.
You visited 1 branch of the dungeon, and saw 6 of its levels.

You collected 76 gold pieces.

Inventory:

Hand Weapons
 c - a +0 dagger (weapon)
   (You took it off a kobold on level 2 of the Dungeon)
 g - a +2 mace of holy wrath
   (You took it off an orc on level 5 of the Dungeon)
 h - a +2 long sword of distortion
   (You found it on level 5 of the Dungeon)
Armour
 a - a +0 robe (worn)
Scrolls
 t - 2 scrolls of teleportation
Potions
 b - a potion of magic
 d - a potion of might
 i - a potion of enlightenment {unknown}


   Skills:
 - Level 1.5 Dodging
 - Level 2.4 Stealth
 + Level 4.9 Spellcasting
 + Level 6.0 Ice Magic


You had 10 spell levels left.
You knew the following spells:

 Your Spells              Type           Power      Damage    Failure   Level
a - Freeze                Ice            96%        1d10      1%          1
b - Frozen Ramparts       Ice            48%        1d8       3%          3

Your spell library contained the following spells:

 Spells                   Type           Power      Damage    Failure   Level
 Ozocubu's Armour         Ice            24%        N/A       3%          3
 Summon Ice Beast         Ice/Summ       14%        N/A       12%         3
 Lesser Beckoning         Tloc           8%         N/A       22%         2
 Call Canine Familiar     Summ           4%         N/A       41%         3
 Gell's Gravitas          Tloc           4%         N/A       41%         3
 Inner Flame              Hex/Fire       4%         N/A       41%         3
 Sigil of Binding         Hex            4%         N/A       41%         3
 Teleport Other           Tloc           4%         N/A       41%         3
 Dimensional Bullseye     Hex/Tloc       2%         N/A       82%         4
 Flame Wave               Conj/Fire      4%         2d5       82%         4
 Sticky Flame             Fire/Alch      4%         2d4       82%         4


Dungeon Overview and Level Annotations

Branches:
Dungeon (6/15) Zot: 26901
 Temple: D:4-7

Altars:
Fedhas
Makhleb
Ru
The Shining One

Annotations:
D:6 Pikel


Innate Abilities, Weirdness & Mutations

You have extremely sharp teeth.
Your natural rate of healing is unusually fast.
When hurt, damage is shared between your health and your magic reserves.
Your bite disrupts and absorbs the magic of your enemies.
Potions cannot restore your health.


Message History

You hit the lemure but do no damage. Your bite misses the lemure.
The lemure is heavily wounded.
The wall freezes the lemure.
The lemure closely misses you.
Casting: Frozen Ramparts (dangerous; 3% risk of failure)
Confirm with . or Enter, or press ? or * to list all spells.
Aiming: Freeze (safe; 1% risk of failure)
Press: ? - help, Shift-Dir - straight line, f - lemure
Aim: a lemure (heavily wounded)
You freeze the lemure.
The lemure is severely wounded.
The wall freezes the lemure.
The lemure barely misses you.
Casting: Freeze (safe; 1% risk of failure)
Confirm with . or Enter, or press ? or * to list all spells.
Aiming: Freeze (safe; 1% risk of failure)
Press: ? - help, Shift-Dir - straight line, f/p - lemure
Aim: a lemure (almost dead)
You freeze the lemure!
You kill the lemure!
That felt strangely unrewarding.
The frozen ramparts melt away as you move.
A lemure comes into view.
A lemure comes into view.
Pikel, Merchant of Souls comes into view.
He is wielding a +2 whip of flaming.
Pikel shouts!
You hear a shout!
A lemure comes into view.
Unknown command.
Casting: Freeze (safe; 1% risk of failure)
Confirm with . or Enter, or press ? or * to list all spells.
You miscast Frozen Ramparts.
You are very lightly contaminated with residual magic.
Nothing appears to happen.
Casting: Frozen Ramparts (dangerous; 3% risk of failure)
Confirm with . or Enter, or press ? or * to list all spells.
The walls around you are covered in ice.
The wall freezes the lemure.
The lemure misses you.
You closely miss the lemure.
The lemure is lightly wounded.
The wall freezes the lemure.
The lemure barely misses you.
You hit the lemure.
The lemure is moderately wounded.
The wall freezes the lemure.
The lemure closely misses you.
The wall freezes the lemure but does no damage.
Casting: Frozen Ramparts (dangerous; 3% risk of failure)
Confirm with . or Enter, or press ? or * to list all spells.
Aiming: Freeze (safe; 1% risk of failure)
Press: ? - help, Shift-Dir - straight line, f - lemure
Aim: a lemure (heavily wounded)
You freeze the lemure.
The lemure is heavily wounded.
The wall freezes the lemure!
The lemure hits you.
The wall freezes the lemure.
The wall freezes Pikel but does no damage.
You barely miss the lemure.
The lemure is almost dead.
The wall freezes the lemure!
You kill the lemure!
That felt strangely unrewarding.
The lemure barely misses you.
The wall freezes Pikel but does no damage.
The wall freezes the lemure.
Casting: Freeze (safe; 1% risk of failure)
Confirm with . or Enter, or press ? or * to list all spells.
Aiming: Freeze (safe; 1% risk of failure)
Press: ? - help, Shift-Dir - straight line, f - lemure
Aim: a lemure (lightly wounded)
You freeze the lemure.
The lemure is moderately wounded.
The wall freezes Pikel.
Pikel hits you with a +2 whip of flaming!
Pikel burns you.
The wall freezes the lemure.
Your magical contamination has completely faded away.
Casting: Freeze (safe; 1% risk of failure)
Confirm with . or Enter, or press ? or * to list all spells.
Aiming: Freeze (safe; 1% risk of failure)
Press: ? - help, Shift-Dir - straight line, f - Pikel, p - lemure
Aim: Pikel, wielding a +2 whip of flaming and wearing a +0 robe (lightly wounded)
You freeze Pikel!
Pikel is moderately wounded.
The lemure barely misses you.
The wall freezes Pikel.
Pikel closely misses you. The lemure hits you.
Casting: Freeze (safe; 1% risk of failure)
Confirm with . or Enter, or press ? or * to list all spells.
Aiming: Freeze (safe; 1% risk of failure)
Press: ? - help, Shift-Dir - straight line, f/p - Pikel
Aim: Pikel, wielding a +2 whip of flaming and wearing a +0 robe (moderately wounded)
You miscast Freeze.
You are very lightly contaminated with residual magic.
Nothing appears to happen.
The lemure hits you!
The wall freezes Pikel.
Pikel closely misses you. The lemure closely misses you.
Casting: Freeze (safe; 1% risk of failure)
Confirm with . or Enter, or press ? or * to list all spells.
Aiming: Freeze (safe; 1% risk of failure)
Press: ? - help, Shift-Dir - straight line, f/p - Pikel
Aim: Pikel, wielding a +2 whip of flaming and wearing a +0 robe (moderately wounded)
You freeze Pikel.
Pikel is heavily wounded.
The lemure hits you.
* * * LOW HITPOINT WARNING * * *
The wall freezes Pikel.
Pikel hits you with a +2 whip of flaming!
You die...
Pikel says, "Another soul for the market."

#.###...........#
#...............+
#...............#
######...............#
#....................#
#........#...........#
#....[...#...........#
#........#...55......#
#........#...@K.....?...
######+#.#########......
#.#.###.... ..5...
#.(.....# ..K...
##...#########......
+.>............5....
##.####.#####. #. #.# #.
#.#


You could see Pikel and 2 lemures.

Vanquished Creatures
  A black bear (D:4)
  2 lemures (D:6)
  2 orc priests (D:5)
  8 gnolls (D:4)
  5 adders
  A ribbon worm (D:5)
  A dart slug (D:2)
  8 orcs
  A bat (D:3)
  An endoplasm (D:3)
  6 kobolds
  2 ball pythons
  A goblin (D:3)
  2 rats (D:3)
41 creatures vanquished.

Notes
Turn   | Place    | Note
-------+----------+-------------------------------------------
     0 | D:1      | Flugkiller the Vine Stalker Ice Elementalist began the
                  | quest for the Orb.
     0 | D:1      | Reached XP level 1. HP: 9/9 MP: 4/4
   120 | D:3      | Reached XP level 2. HP: 13/13 MP: 1/6
   141 | D:3      | Found a faded altar of an unknown god.
   167 | D:4      | Noticed a black bear
   167 | D:4      | Found a sacrificial altar of Ru.
   441 | D:3      | Reached XP level 3. HP: 16/16 MP: 2/8
   445 | D:3      | Learned a level 3 spell: Frozen Ramparts
   469 | D:4      | Reached XP level 4. HP: 21/21 MP: 0/10
   474 | D:4      | Reached skill level 5 in Ice Magic
   476 | D:4      | Noticed a phantom
   482 | D:4      | Killed a black bear
   483 | D:4      | Reached XP level 5. HP: 8/24 MP: 0/12
   565 | D:4      | Found a glowing golden altar of the Shining One.
   578 | D:5      | Entered Level 5 of the Dungeon
   663 | D:5      | Reached XP level 6. HP: 28/28 MP: 9/13
   754 | D:5      | Found a burning altar of Makhleb.
   805 | D:5      | Reached skill level 6 in Ice Magic
   840 | D:6      | Found a blossoming altar of Fedhas.
   922 | D:6      | Noticed Pikel
   935 | D:6      | Slain by Pikel

Illustrated notes

Levels and vault maps discovered:
D:1:      eino_arrival_druids_welcome, layout_basic
D:2:      layout_basic, minmay_octomino_e4
D:3:      layout_loops_cross, chequers_ecumenical_altar_simple_redux
D:4:      layout_loops_cross, overflow_temple_1_default, general_overflow_altar,
          mainiacjoe_overflow_concentric_impassable,
          nicolae_wu_jian_immortal_techniques, serial_rivers,
          chequers_serial_rivers_small_b, chequers_serial_rivers_room_b,
          chequers_serial_rivers_small_a, chequers_serial_rivers_room_a,
          serial_library_hellmonk_statue_hall
D:5:      layout_basic, slow_altar_2, nicolae_overflow_crystal_walls,
          serial_glass, glass_columns_a, glass_columns_a, minmay_strange_pillars
D:6:      layout_basic, grunt_dithmenos_shadows, kennysheep_mini,
          nicolae_custom_books, uniq_blork_the_orc, uniq_pikel

Skill      XL: |  1  2  3  4  5  6 |
---------------+-------------------+-----
Spellcasting   | 3 4 |  4.9
Ice Magic      | 5 6 |  6.0
Dodging        | |  1.5
Stealth        | |  2.4

Action                     |  1- 3 |  4- 6 || total
---------------------------+-------+-------++-------
  Melee: Dagger            |    12 |    31 ||    43
         Bite              |     1 |    14 ||    15
   Cast: Freeze            |    22 |    18 ||    40
         Frozen Ramparts   |     2 |    10 ||    12
    Use: Scroll            |       |     2 ||     2
   Stab: Sleeping          |     1 |       ||     1
 Armour: Robe              |    10 |    28 ||    38
  Dodge: Dodged            |    22 |    34 ||    56
